[ AOE2 MATCH · #463523828 ]
Team RMPoles vs Byzantines
[ REPLAY ANALYSIS · EXTRACTED FROM THE RECORDED GAME ]
Feudal
15:13
Castle
32:11
Imperial
—
| APM avg | 5.6 |
| APM peak | 26 |
| eAPM avg | 3.2 |
| Villagers / military | 44 / 7 |
Focus
⚔️ 14.3% · 🌾 85.7%
Spearman ×7
Feudal
12:41
Castle
20:22
Imperial
34:13
| APM avg | 19.5 |
| APM peak | 70 |
| eAPM avg | 11.5 |
| Villagers / military | 88 / 177 |
Focus
⚔️ 34.6% · 🌾 65.4%
Eagle Scout ×69 · Spearman ×57 · Plumed Archer ×46 · Trade Cart ×9 · Trebuchet (Packed) ×4 · Archer ×1
Feudal
10:01
Castle
17:49
Imperial
41:22
| APM avg | 27.2 |
| APM peak | 51 |
| eAPM avg | 13.3 |
| Villagers / military | 107 / 79 |
Focus
⚔️ 26.3% · 🌾 73.7%
Archer ×67 · Trade Cart ×38 · Cavalry Archer ×5 · Trebuchet (Packed) ×5 · Spearman ×2
Feudal
11:33
Castle
17:38
Imperial
37:16
| APM avg | 34.1 |
| APM peak | 76 |
| eAPM avg | 14.9 |
| Villagers / military | 97 / 93 |
Focus
⚔️ 27.5% · 🌾 72.5%
Arambai ×45 · Knight ×25 · Spearman ×13 · Monk ×10 · Trade Cart ×1
Feudal
12:14
Castle
17:43
Imperial
31:40
| APM avg | 16.5 |
| APM peak | 44 |
| eAPM avg | 7.4 |
| Villagers / military | 105 / 149 |
Focus
⚔️ 22.0% · 🌾 78.0%
Knight ×149 · Trade Cart ×19
Feudal
10:05
Castle
22:53
Imperial
33:33
| APM avg | 18.0 |
| APM peak | 40 |
| eAPM avg | 11.7 |
| Villagers / military | 166 / 111 |
Focus
⚔️ 28.3% · 🌾 71.7%
Teutonic Knight ×50 · Spearman ×34 · Knight ×21 · Trade Cart ×8 · Bombard Cannon ×5 · Monk ×1
Feudal
9:54
Castle
21:09
Imperial
—
| APM avg | 41.6 |
| APM peak | 102 |
| eAPM avg | 15.6 |
| Villagers / military | 79 / 43 |
Focus
⚔️ 25.8% · 🌾 74.2%
Knight ×26 · Scout Cavalry ×8 · Magyar Huszar ×7 · Petard ×2
Feudal
15:50
Castle
21:31
Imperial
37:55
| APM avg | 19.0 |
| APM peak | 72 |
| eAPM avg | 13.4 |
| Villagers / military | 126 / 195 |
Focus
⚔️ 22.5% · 🌾 77.5%
Serjeant ×119 · Knight ×73 · Trade Cart ×18 · Monk ×3
Match map
Initial resources + every placement click. Lines = walls · curves = elevation contours. ◆ gold · ⬟ stone · ● berries · ✦ relic · ◌ wall gap
Your base· ✓ Closed at 32:11 · 47t walls · 2 gate(s)
GRaFa's base· ✓ Closed at 20:22 · 21t walls · 1 gate(s)
PsYLeS's base· Open — unwalled flank
gruckiq's base· ✓ Closed at 17:38 · 24t walls · no gate
aktaa_darwish's base· Open — unwalled flank
mat13bg's base· ✓ Closed at 22:53 · 0t walls · 1 gate(s)
BottleDry's base· Open — unwalled flank
SonniRagz's base· Open — unwalled flank
Smoothed initial terrain · ◌ = detected wall gap · hover for details
Inputs per minute
— svetoslavivanov1 - - GRaFa
Build order — svetoslavivanov1
94 actions detected in the replay
| 0:49 | Build | House |
| 0:51 | Build | House |
| 0:52 | Build | House |
| 0:54 | Build | House |
| 1:01 | Create | Villager (Male) |
| 1:02 | Create | Villager (Male) |
| 1:02 | Create | Villager (Male) |
| 1:02 | Create | Villager (Male) |
| 1:02 | Create | Villager (Male) |
| 1:04 | Research | Loom |
| 2:50 | Build | Lumber Camp |
| 3:21 | Create | Villager (Male) |
| 3:21 | Create | Villager (Male) |
| 3:21 | Create | Villager (Male) |
| 3:21 | Create | Villager (Male) |
| 4:54 | Create | Villager (Male) |
| 4:55 | Create | Villager (Male) |
| 4:55 | Create | Villager (Male) |
| 6:23 | Create | Villager (Male) |
| 6:24 | Create | Villager (Male) |
| 7:38 | Create | Villager (Male) |
| 7:39 | Create | Villager (Male) |
| 10:52 | Build | Mill |
| 11:15 | Create | Villager (Male) |
| 11:16 | Create | Villager (Male) |
| 11:51 | Build | Mining Camp |
| 13:03 | Research | Feudal Age |
| 13:41 | Build | Mining Camp |
| 14:17 | Create | Villager (Male) |
| 14:18 | Create | Villager (Male) |
| 14:18 | Create | Villager (Male) |
| 14:19 | Create | Villager (Male) |
| 14:20 | Create | Villager (Male) |
| 14:21 | Create | Villager (Male) |
| 15:13 | Age | Feudal Age |
| 15:22 | Build | Stone Wall |
| 15:36 | Build | Gate |
| 15:56 | Build | Stone Wall |
| 16:31 | Build | Stone Wall |
| 16:37 | Build | Gate |
| 16:47 | Build | Stone Wall |
| 17:00 | Build | House |
| 17:02 | Build | House |
| 17:06 | Build | House |
| 17:40 | Build | Barracks |
| 18:23 | Create | Spearman |
| 18:23 | Create | Spearman |
| 18:24 | Create | Spearman |
| 18:24 | Create | Spearman |
| 18:24 | Create | Spearman |
| 18:25 | Create | Spearman |
| 18:25 | Create | Spearman |
| 22:52 | Create | Villager (Male) |
| 22:53 | Create | Villager (Male) |
| 22:53 | Create | Villager (Male) |
| 22:54 | Create | Villager (Male) |
| 22:54 | Create | Villager (Male) |
| 22:54 | Create | Villager (Male) |
| 23:35 | Build | Farm |
| 23:47 | Build | Farm |
| 24:07 | Build | Farm |
| 24:08 | Build | Farm |
| 24:12 | Build | Farm |
| 24:15 | Build | Farm |
| 24:18 | Build | Farm |
| 24:37 | Build | Farm |
| 25:03 | Build | Farm |
| 25:37 | Build | Farm |
| 25:41 | Build | Farm |
| 25:46 | Build | Farm |
| 25:50 | Build | Farm |
| 25:54 | Build | Farm |
| 25:59 | Build | Farm |
| 26:04 | Build | Farm |
| 26:11 | Create | Villager (Male) |
| 26:11 | Create | Villager (Male) |
| 26:12 | Create | Villager (Male) |
| 26:12 | Create | Villager (Male) |
| 26:13 | Create | Villager (Male) |
| 26:37 | Research | Double-Bit Axe |
| 26:53 | Build | Blacksmith |
| 27:00 | Build | Market |
| 27:28 | Create | Villager (Male) |
| 27:29 | Create | Villager (Male) |
| 27:29 | Create | Villager (Male) |
| 28:50 | Research | Castle Age |
| 32:11 | Age | Castle Age |
| 32:21 | Create | Villager (Male) |
| 32:22 | Create | Villager (Male) |
| 32:22 | Create | Villager (Male) |
| 32:23 | Create | Villager (Male) |
| 32:24 | Create | Villager (Male) |
| 32:24 | Create | Villager (Male) |
| 33:12 | Build | Town Center |
Build order — GRaFa
First 150 of 329 actions detected
| 0:03 | Build | House |
| 0:05 | Build | House |
| 0:06 | Create | Villager (Male) |
| 0:06 | Create | Villager (Male) |
| 0:07 | Create | Villager (Male) |
| 0:07 | Create | Villager (Male) |
| 0:11 | Research | Loom |
| 0:32 | Create | Villager (Male) |
| 0:32 | Create | Villager (Male) |
| 0:33 | Create | Villager (Male) |
| 1:40 | Create | Villager (Male) |
| 2:01 | Build | Lumber Camp |
| 2:25 | Create | Villager (Male) |
| 3:13 | Create | Villager (Male) |
| 3:14 | Create | Villager (Male) |
| 3:53 | Create | Villager (Male) |
| 4:09 | Build | House |
| 4:27 | Create | Villager (Male) |
| 4:32 | Build | Mill |
| 4:41 | Create | Villager (Male) |
| 4:58 | Create | Villager (Male) |
| 5:25 | Build | Mill |
| 5:27 | Create | Villager (Male) |
| 6:09 | Create | Villager (Male) |
| 6:16 | Build | House |
| 6:25 | Build | Palisade Wall |
| 6:31 | Build | Palisade Wall |
| 6:47 | Create | Villager (Male) |
| 6:47 | Create | Villager (Male) |
| 7:45 | Create | Villager (Male) |
| 8:11 | Create | Villager (Male) |
| 8:21 | Build | Mining Camp |
| 8:34 | Create | Villager (Male) |
| 8:51 | Create | Villager (Male) |
| 9:30 | Build | Barracks |
| 9:42 | Create | Villager (Male) |
| 10:00 | Build | House |
| 10:31 | Research | Feudal Age |
| 10:45 | Build | Mill |
| 11:01 | Build | House |
| 11:21 | Build | Mining Camp |
| 11:25 | Create | Villager (Male) |
| 11:47 | Build | Palisade Gate |
| 12:36 | Create | Villager (Male) |
| 12:41 | Age | Feudal Age |
| 12:42 | Research | Double-Bit Axe |
| 12:43 | Research | Double-Bit Axe |
| 12:57 | Create | Villager (Male) |
| 13:10 | Build | Market |
| 13:35 | Build | Blacksmith |
| 13:38 | Create | Villager (Male) |
| 14:42 | Create | Villager (Male) |
| 14:43 | Create | Villager (Male) |
| 15:02 | Build | Stone Wall |
| 15:15 | Create | Villager (Male) |
| 15:44 | Create | Spearman |
| 15:45 | Create | Spearman |
| 16:00 | Build | Farm |
| 16:00 | Build | Farm |
| 16:00 | Build | Farm |
| 16:01 | Build | Farm |
| 16:26 | Build | House |
| 17:04 | Create | Villager (Male) |
| 17:34 | Build | Farm |
| 17:42 | Research | Castle Age |
| 18:21 | Research | Fletching |
| 19:15 | Research | Stone Mining |
| 19:23 | Research | Gold Mining |
| 19:26 | Create | Villager (Male) |
| 19:40 | Build | Farm |
| 19:40 | Build | Farm |
| 19:40 | Build | Farm |
| 19:57 | Create | Trade Cart |
| 20:22 | Age | Castle Age |
| 20:37 | Create | Villager (Male) |
| 20:50 | Build | Town Center |
| 20:52 | Research | Bow Saw |
| 20:56 | Create | Villager (Male) |
| 21:00 | Build | Farm |
| 21:04 | Research | Wheelbarrow |
| 21:07 | Create | Villager (Male) |
| 21:27 | Build | Castle |
| 21:34 | Research | Stone Mining |
| 21:36 | Build | Farm |
| 21:37 | Create | Villager (Male) |
| 22:19 | Research | Horse Collar |
| 22:56 | Build | House |
| 23:02 | Build | Town Center |
| 23:07 | Create | Villager (Male) |
| 23:13 | Create | Villager (Male) |
| 23:20 | Create | Villager (Male) |
| 23:21 | Research | Hand Cart |
| 23:23 | Create | Villager (Male) |
| 23:44 | Create | Villager (Male) |
| 23:51 | Build | Farm |
| 23:54 | Build | Farm |
| 23:55 | Build | Farm |
| 23:55 | Build | Farm |
| 23:55 | Build | Farm |
| 23:56 | Build | Farm |
| 23:58 | Build | Farm |
| 24:16 | Build | Gate |
| 24:20 | Create | Villager (Male) |
| 24:20 | Create | Villager (Male) |
| 24:20 | Create | Villager (Male) |
| 24:21 | Create | Villager (Male) |
| 24:24 | Create | Plumed Archer |
| 24:25 | Create | Plumed Archer |
| 24:28 | Create | Plumed Archer |
| 24:59 | Create | Plumed Archer |
| 25:04 | Research | Padded Archer Armor |
| 25:07 | Build | Farm |
| 25:08 | Create | Villager (Male) |
| 25:09 | Create | Villager (Male) |
| 25:24 | Build | Lumber Camp |
| 25:33 | Create | Plumed Archer |
| 25:35 | Create | Plumed Archer |
| 25:44 | Create | Villager (Male) |
| 25:53 | Build | Stone Wall |
| 25:56 | Build | Stone Wall |
| 26:18 | Build | Farm |
| 26:20 | Build | Farm |
| 26:21 | Create | Villager (Male) |
| 26:21 | Create | Villager (Male) |
| 26:22 | Create | Villager (Male) |
| 26:22 | Create | Villager (Male) |
| 26:22 | Create | Villager (Male) |
| 26:23 | Create | Villager (Male) |
| 26:23 | Create | Villager (Male) |
| 26:25 | Create | Plumed Archer |
| 26:26 | Create | Plumed Archer |
| 26:26 | Create | Plumed Archer |
| 26:41 | Create | Villager (Male) |
| 26:41 | Create | Villager (Male) |
| 26:53 | Create | Villager (Male) |
| 26:53 | Create | Villager (Male) |
| 27:05 | Build | Farm |
| 27:08 | Create | Villager (Male) |
| 27:14 | Create | Villager (Male) |
| 27:19 | Build | Farm |
| 27:20 | Create | Villager (Male) |
| 27:22 | Create | Villager (Male) |
| 27:27 | Create | Plumed Archer |
| 27:40 | Build | Stone Wall |
| 27:52 | Build | Stone Wall |
| 28:02 | Build | Castle |
| 28:04 | Create | Villager (Male) |
| 28:05 | Create | Villager (Male) |
| 28:05 | Create | Villager (Male) |
| 28:05 | Create | Villager (Male) |
Build order — PsYLeS
First 150 of 374 actions detected
| 0:04 | Create | Villager (Male) |
| 0:04 | Create | Villager (Male) |
| 0:05 | Create | Villager (Male) |
| 0:05 | Create | Villager (Male) |
| 0:07 | Build | House |
| 0:08 | Build | House |
| 1:23 | Create | Villager (Male) |
| 1:31 | Build | Lumber Camp |
| 1:48 | Create | Villager (Male) |
| 2:39 | Create | Villager (Male) |
| 3:07 | Create | Villager (Male) |
| 3:36 | Create | Villager (Male) |
| 4:02 | Create | Villager (Male) |
| 4:03 | Create | Villager (Male) |
| 4:09 | Build | House |
| 4:30 | Create | Villager (Male) |
| 4:34 | Build | Mill |
| 4:55 | Create | Villager (Male) |
| 5:13 | Create | Villager (Male) |
| 5:24 | Build | House |
| 5:46 | Create | Villager (Male) |
| 6:21 | Create | Villager (Male) |
| 7:01 | Create | Villager (Male) |
| 7:22 | Research | Loom |
| 7:51 | Research | Feudal Age |
| 8:23 | Build | Mining Camp |
| 8:28 | Build | Barracks |
| 10:01 | Age | Feudal Age |
| 10:02 | Create | Villager (Male) |
| 10:03 | Create | Villager (Male) |
| 10:32 | Build | Archery Range |
| 10:38 | Create | Villager (Male) |
| 10:54 | Build | House |
| 11:11 | Create | Villager (Male) |
| 11:29 | Create | Villager (Male) |
| 11:42 | Build | Mill |
| 11:46 | Create | Villager (Male) |
| 11:59 | Create | Spearman |
| 12:17 | Create | Villager (Male) |
| 12:23 | Build | Blacksmith |
| 12:42 | Create | Spearman |
| 12:46 | Create | Villager (Male) |
| 12:51 | Build | Farm |
| 13:08 | Build | House |
| 13:10 | Build | House |
| 13:36 | Build | Farm |
| 13:46 | Create | Archer |
| 14:06 | Create | Villager (Male) |
| 14:10 | Build | Farm |
| 14:29 | Create | Archer |
| 14:38 | Build | Farm |
| 14:40 | Create | Villager (Male) |
| 15:06 | Create | Archer |
| 15:09 | Research | Castle Age |
| 15:15 | Build | Farm |
| 15:24 | Research | Double-Bit Axe |
| 15:24 | Research | Double-Bit Axe |
| 16:07 | Create | Archer |
| 16:13 | Research | Fletching |
| 16:43 | Build | Mining Camp |
| 17:49 | Age | Castle Age |
| 18:04 | Build | Stone Wall |
| 18:07 | Build | Stone Wall |
| 18:20 | Create | Archer |
| 18:21 | Create | Villager (Male) |
| 18:22 | Create | Villager (Male) |
| 18:49 | Create | Villager (Male) |
| 19:14 | Build | Town Center |
| 19:24 | Build | House |
| 19:26 | Build | House |
| 19:28 | Build | House |
| 19:32 | Build | Farm |
| 19:37 | Research | Bodkin Arrow |
| 19:41 | Research | Crossbowman (upgrade) |
| 20:03 | Create | Villager (Male) |
| 20:31 | Build | Stone Wall |
| 20:40 | Create | Villager (Male) |
| 20:41 | Create | Villager (Male) |
| 21:21 | Build | Market |
| 21:24 | Create | Villager (Male) |
| 21:24 | Create | Villager (Male) |
| 21:24 | Create | Villager (Male) |
| 21:36 | Build | Farm |
| 21:36 | Build | Farm |
| 21:36 | Build | Farm |
| 21:47 | Build | House |
| 21:49 | Build | House |
| 21:50 | Build | House |
| 22:05 | Create | Villager (Male) |
| 22:06 | Create | Villager (Male) |
| 22:14 | Create | Archer |
| 22:14 | Create | Archer |
| 22:31 | Build | Market |
| 22:42 | Build | Archery Range |
| 23:07 | Build | Stone Wall |
| 23:20 | Build | Gate |
| 23:24 | Create | Villager (Male) |
| 23:24 | Create | Villager (Male) |
| 23:25 | Create | Villager (Male) |
| 23:25 | Create | Villager (Male) |
| 23:35 | Build | Market |
| 23:50 | Create | Trade Cart |
| 23:50 | Create | Trade Cart |
| 23:53 | Create | Trade Cart |
| 24:02 | Build | House |
| 24:03 | Build | House |
| 24:04 | Build | House |
| 24:05 | Build | House |
| 24:09 | Create | Villager (Male) |
| 24:12 | Create | Villager (Male) |
| 24:22 | Build | Farm |
| 24:25 | Build | Farm |
| 24:34 | Create | Archer |
| 25:16 | Create | Villager (Male) |
| 25:16 | Create | Villager (Male) |
| 25:19 | Create | Villager (Male) |
| 25:19 | Create | Villager (Male) |
| 25:26 | Build | Farm |
| 25:26 | Build | Farm |
| 25:27 | Build | Farm |
| 25:30 | Create | Archer |
| 25:30 | Create | Archer |
| 26:03 | Create | Villager (Male) |
| 26:03 | Create | Villager (Male) |
| 26:04 | Create | Villager (Male) |
| 26:04 | Create | Villager (Male) |
| 26:09 | Build | Farm |
| 26:09 | Build | Farm |
| 26:09 | Build | Farm |
| 26:29 | Build | Market |
| 26:33 | Create | Trade Cart |
| 26:33 | Create | Trade Cart |
| 27:18 | Create | Villager (Male) |
| 27:18 | Create | Villager (Male) |
| 27:20 | Create | Villager (Male) |
| 27:20 | Create | Villager (Male) |
| 27:28 | Build | Market |
| 27:39 | Create | Trade Cart |
| 27:39 | Create | Trade Cart |
| 27:57 | Create | Villager (Male) |
| 27:57 | Create | Villager (Male) |
| 27:58 | Create | Villager (Male) |
| 27:59 | Create | Villager (Male) |
| 28:07 | Build | Archery Range |
| 28:27 | Create | Archer |
| 28:27 | Create | Archer |
| 28:30 | Create | Villager (Male) |
| 28:31 | Create | Villager (Male) |
| 28:42 | Build | House |
| 28:43 | Build | House |
Build order — gruckiq
First 150 of 301 actions detected
| 0:06 | Create | Villager (Male) |
| 0:06 | Create | Villager (Male) |
| 0:06 | Create | Villager (Male) |
| 0:08 | Build | House |
| 0:09 | Build | House |
| 0:11 | Create | Villager (Male) |
| 0:11 | Create | Villager (Male) |
| 0:11 | Create | Villager (Male) |
| 1:16 | Create | Villager (Male) |
| 1:16 | Create | Villager (Male) |
| 1:17 | Create | Villager (Male) |
| 1:53 | Build | Lumber Camp |
| 1:55 | Create | Villager (Male) |
| 1:55 | Create | Villager (Male) |
| 2:35 | Create | Villager (Male) |
| 2:36 | Create | Villager (Male) |
| 3:09 | Create | Villager (Male) |
| 3:09 | Create | Villager (Male) |
| 3:09 | Create | Villager (Male) |
| 3:43 | Build | House |
| 3:45 | Create | Villager (Male) |
| 3:45 | Create | Villager (Male) |
| 4:31 | Build | House |
| 4:34 | Create | Villager (Male) |
| 4:34 | Create | Villager (Male) |
| 4:34 | Create | Villager (Male) |
| 5:13 | Create | Villager (Male) |
| 5:13 | Create | Villager (Male) |
| 5:13 | Create | Villager (Male) |
| 5:35 | Create | Villager (Male) |
| 5:36 | Create | Villager (Male) |
| 5:36 | Create | Villager (Male) |
| 5:36 | Create | Villager (Male) |
| 6:22 | Create | Villager (Male) |
| 6:23 | Create | Villager (Male) |
| 6:23 | Create | Villager (Male) |
| 6:34 | Build | Mill |
| 6:37 | Create | Villager (Male) |
| 6:38 | Create | Villager (Male) |
| 7:51 | Build | House |
| 8:35 | Build | House |
| 8:58 | Research | Loom |
| 8:58 | Research | Feudal Age |
| 9:09 | Build | Mining Camp |
| 10:05 | Build | Barracks |
| 11:33 | Age | Feudal Age |
| 11:39 | Build | Market |
| 11:46 | Build | Gate |
| 11:54 | Build | Stone Wall |
| 12:14 | Build | Stable |
| 12:17 | Create | Villager (Male) |
| 12:17 | Create | Villager (Male) |
| 12:51 | Build | Blacksmith |
| 13:11 | Build | Stone Wall |
| 13:18 | Create | Villager (Male) |
| 13:37 | Build | Lumber Camp |
| 13:49 | Build | House |
| 13:51 | Build | House |
| 13:53 | Build | House |
| 14:09 | Build | Farm |
| 14:10 | Build | Farm |
| 14:29 | Build | Farm |
| 14:58 | Research | Castle Age |
| 15:25 | Build | Mining Camp |
| 15:43 | Build | Stone Wall |
| 16:53 | Build | Stable |
| 17:04 | Build | Farm |
| 17:04 | Build | Farm |
| 17:04 | Build | Farm |
| 17:09 | Research | Horse Collar |
| 17:15 | Build | House |
| 17:17 | Build | House |
| 17:38 | Age | Castle Age |
| 18:12 | Build | Monastery |
| 19:05 | Research | Bloodlines |
| 19:06 | Create | Knight |
| 19:06 | Create | Knight |
| 19:06 | Create | Knight |
| 19:07 | Create | Knight |
| 19:14 | Create | Monk |
| 19:14 | Create | Monk |
| 19:17 | Create | Villager (Male) |
| 19:17 | Create | Villager (Male) |
| 19:17 | Create | Villager (Male) |
| 19:26 | Build | Farm |
| 19:26 | Build | Farm |
| 19:26 | Build | Farm |
| 19:27 | Build | Farm |
| 19:40 | Create | Villager (Male) |
| 19:40 | Create | Villager (Male) |
| 19:40 | Create | Villager (Male) |
| 20:23 | Create | Villager (Male) |
| 20:23 | Create | Villager (Male) |
| 20:56 | Create | Trade Cart |
| 21:02 | Create | Villager (Male) |
| 21:02 | Create | Villager (Male) |
| 21:02 | Create | Villager (Male) |
| 21:02 | Create | Villager (Male) |
| 21:32 | Build | Town Center |
| 21:37 | Create | Villager (Male) |
| 21:37 | Create | Villager (Male) |
| 21:37 | Create | Villager (Male) |
| 21:38 | Create | Villager (Male) |
| 22:11 | Create | Villager (Male) |
| 22:11 | Create | Villager (Male) |
| 22:12 | Create | Villager (Male) |
| 22:12 | Create | Villager (Male) |
| 22:25 | Create | Villager (Male) |
| 22:25 | Create | Villager (Male) |
| 22:25 | Create | Villager (Male) |
| 22:46 | Create | Villager (Male) |
| 22:46 | Create | Villager (Male) |
| 23:03 | Build | Town Center |
| 23:08 | Research | Town Watch |
| 23:26 | Create | Monk |
| 23:50 | Build | University |
| 25:07 | Build | Farm |
| 25:11 | Research | Wheelbarrow |
| 25:35 | Build | Farm |
| 25:37 | Build | Farm |
| 25:37 | Build | Farm |
| 25:47 | Build | Castle |
| 26:03 | Create | Villager (Male) |
| 26:03 | Create | Villager (Male) |
| 26:03 | Create | Villager (Male) |
| 26:03 | Create | Villager (Male) |
| 26:04 | Create | Villager (Male) |
| 26:04 | Create | Villager (Male) |
| 26:04 | Create | Villager (Male) |
| 26:35 | Create | Villager (Male) |
| 26:35 | Create | Villager (Male) |
| 26:36 | Create | Villager (Male) |
| 26:36 | Create | Villager (Male) |
| 26:43 | Build | House |
| 26:44 | Build | House |
| 26:45 | Build | House |
| 26:47 | Build | House |
| 27:07 | Build | Farm |
| 27:07 | Build | Farm |
| 27:07 | Build | Farm |
| 27:07 | Build | Farm |
| 27:08 | Build | Farm |
| 27:09 | Build | Farm |
| 27:36 | Build | Farm |
| 27:36 | Build | Farm |
| 27:37 | Build | Farm |
| 27:47 | Build | Farm |
| 27:48 | Build | Farm |
| 27:48 | Build | Farm |
| 27:48 | Build | Farm |
Build order — aktaa_darwish
First 150 of 223 actions detected
| 0:03 | Create | Villager (Male) ×4 |
| 0:04 | Create | Villager (Male) ×4 |
| 1:27 | Create | Villager (Male) |
| 1:27 | Create | Villager (Male) |
| 1:58 | Create | Villager (Male) |
| 1:59 | Create | Villager (Male) |
| 2:29 | Create | Villager (Male) |
| 2:29 | Create | Villager (Male) |
| 2:30 | Create | Villager (Male) |
| 2:53 | Create | Villager (Male) |
| 2:53 | Create | Villager (Male) |
| 3:27 | Create | Villager (Male) |
| 3:27 | Create | Villager (Male) |
| 4:07 | Create | Villager (Male) |
| 4:07 | Create | Villager (Male) |
| 4:07 | Create | Villager (Male) |
| 4:27 | Research | Loom |
| 5:10 | Create | Villager (Male) |
| 5:11 | Create | Villager (Male) |
| 5:11 | Create | Villager (Male) |
| 5:11 | Create | Villager (Male) |
| 6:43 | Create | Villager (Male) |
| 6:43 | Create | Villager (Male) |
| 6:44 | Create | Villager (Male) |
| 6:44 | Create | Villager (Male) |
| 8:03 | Build | Lumber Camp |
| 8:34 | Create | Villager (Male) |
| 9:23 | Build | Mill |
| 9:39 | Create | Villager (Male) |
| 10:01 | Research | Feudal Age |
| 10:37 | Build | Mining Camp |
| 10:44 | Build | Farm |
| 10:52 | Create | Villager (Male) |
| 10:52 | Create | Villager (Male) |
| 10:52 | Create | Villager (Male) |
| 12:14 | Age | Feudal Age |
| 12:18 | Create | Villager (Male) |
| 12:39 | Build | Market |
| 12:47 | Create | Villager (Male) |
| 12:47 | Create | Villager (Male) |
| 12:58 | Build | Blacksmith |
| 13:03 | Create | Villager (Male) |
| 13:36 | Build | Farm |
| 13:37 | Build | Farm |
| 13:38 | Build | Farm |
| 14:34 | Create | Villager (Male) |
| 15:03 | Research | Castle Age |
| 15:27 | Build | Stone Wall |
| 15:37 | Build | Stone Wall |
| 15:51 | Build | Gate |
| 16:06 | Create | Villager (Male) ×5 |
| 16:38 | Build | Farm |
| 16:44 | Build | Farm |
| 17:37 | Build | Barracks |
| 17:43 | Age | Castle Age |
| 17:53 | Build | Town Center |
| 18:18 | Build | Stable |
| 18:40 | Build | Farm |
| 18:42 | Build | Farm |
| 18:43 | Build | Farm |
| 18:50 | Build | Farm |
| 18:52 | Build | Farm |
| 18:58 | Create | Villager (Male) |
| 18:58 | Create | Villager (Male) |
| 19:05 | Research | Double-Bit Axe |
| 19:09 | Research | Horse Collar |
| 19:20 | Research | Gold Mining |
| 19:22 | Research | Stone Mining |
| 19:30 | Create | Villager (Male) |
| 19:55 | Build | Farm |
| 20:07 | Build | Farm |
| 20:08 | Build | Farm |
| 20:13 | Create | Villager (Male) ×3 |
| 20:25 | Create | Villager (Male) |
| 20:25 | Create | Villager (Male) |
| 20:43 | Create | Villager (Male) |
| 20:44 | Create | Villager (Male) |
| 21:03 | Build | Town Center |
| 21:06 | Create | Villager (Male) |
| 21:06 | Create | Villager (Male) |
| 21:25 | Create | Villager (Male) ×3 |
| 21:49 | Build | Farm |
| 21:56 | Build | Farm |
| 22:01 | Build | Farm |
| 22:36 | Build | Farm |
| 22:40 | Create | Villager (Male) |
| 22:40 | Create | Villager (Male) |
| 22:44 | Create | Villager (Male) |
| 22:44 | Create | Villager (Male) |
| 23:28 | Create | Villager (Male) |
| 23:29 | Create | Villager (Male) |
| 24:10 | Create | Villager (Male) ×5 |
| 24:20 | Create | Villager (Male) ×5 |
| 24:25 | Create | Villager (Male) |
| 24:25 | Create | Villager (Male) |
| 24:38 | Build | Mill |
| 25:10 | Build | Castle |
| 25:26 | Create | Villager (Male) |
| 25:26 | Create | Villager (Male) |
| 25:33 | Build | Farm |
| 25:34 | Build | Farm |
| 25:35 | Build | Farm |
| 25:37 | Build | Farm |
| 25:39 | Build | Farm |
| 25:40 | Build | Farm |
| 25:41 | Build | Farm |
| 25:42 | Build | Farm |
| 26:03 | Create | Villager (Male) |
| 26:42 | Research | Caravan |
| 26:43 | Create | Trade Cart |
| 26:43 | Create | Trade Cart |
| 26:44 | Create | Trade Cart |
| 27:03 | Build | Farm |
| 27:12 | Build | Farm |
| 27:15 | Create | Villager (Male) ×5 |
| 27:29 | Build | Town Center |
| 27:41 | Build | Farm |
| 27:43 | Build | Farm |
| 27:46 | Build | Farm |
| 28:05 | Build | Lumber Camp |
| 28:09 | Create | Villager (Male) |
| 28:09 | Create | Villager (Male) |
| 28:30 | Research | Imperial Age |
| 28:43 | Research | Bloodlines |
| 28:57 | Build | Farm |
| 29:06 | Build | Farm |
| 29:17 | Build | Farm |
| 29:26 | Build | Lumber Camp |
| 29:37 | Build | Farm |
| 29:45 | Build | Farm |
| 29:54 | Create | Villager (Male) |
| 29:54 | Create | Villager (Male) |
| 30:14 | Build | Farm |
| 30:15 | Build | Farm |
| 30:21 | Research | Wheelbarrow |
| 30:22 | Research | Town Watch |
| 30:40 | Create | Villager (Male) ×5 |
| 30:46 | Research | Bow Saw |
| 30:51 | Research | Heavy Plow |
| 31:17 | Build | Lumber Camp |
| 31:22 | Research | Gold Shaft Mining |
| 31:28 | Create | Villager (Male) |
| 31:28 | Create | Villager (Male) |
| 31:29 | Create | Villager (Male) |
| 31:40 | Age | Imperial Age |
| 31:42 | Create | Trade Cart |
| 31:51 | Build | Stable |
| 31:54 | Research | Cavalier (upgrade) |
| 31:55 | Research | Husbandry |
| 31:59 | Research | Conscription |
Build order — mat13bg
First 150 of 438 actions detected
| 0:10 | Build | House |
| 0:12 | Build | House |
| 0:13 | Create | Villager (Male) |
| 0:13 | Create | Villager (Male) |
| 0:13 | Create | Villager (Male) |
| 0:14 | Create | Villager (Male) |
| 0:14 | Create | Villager (Male) |
| 1:41 | Create | Villager (Male) |
| 1:41 | Create | Villager (Male) |
| 2:11 | Build | House |
| 2:23 | Create | Villager (Male) |
| 2:38 | Create | Villager (Male) |
| 2:38 | Create | Villager (Male) |
| 2:56 | Build | Lumber Camp |
| 3:07 | Create | Villager (Male) |
| 3:22 | Create | Villager (Male) |
| 4:05 | Build | House |
| 4:08 | Create | Villager (Male) |
| 4:09 | Create | Villager (Male) |
| 4:09 | Create | Villager (Male) |
| 4:09 | Create | Villager (Male) |
| 4:40 | Create | Villager (Male) |
| 4:59 | Create | Villager (Male) |
| 4:59 | Create | Villager (Male) |
| 5:30 | Create | Villager (Male) |
| 5:30 | Create | Villager (Male) |
| 5:30 | Create | Villager (Male) |
| 5:41 | Create | Villager (Male) |
| 5:41 | Create | Villager (Male) |
| 5:45 | Research | Loom |
| 5:56 | Build | Mill |
| 7:10 | Build | House |
| 7:55 | Research | Feudal Age |
| 8:20 | Create | Villager (Male) |
| 8:21 | Create | Villager (Male) |
| 10:05 | Age | Feudal Age |
| 10:29 | Build | Mill |
| 10:34 | Create | Villager (Male) |
| 10:34 | Create | Villager (Male) |
| 10:35 | Create | Villager (Male) |
| 10:35 | Create | Villager (Male) |
| 11:02 | Build | Palisade Gate |
| 11:06 | Build | House |
| 11:09 | Build | House |
| 11:10 | Build | House |
| 11:16 | Build | House |
| 11:27 | Build | House |
| 12:02 | Build | Lumber Camp |
| 12:11 | Create | Villager (Male) |
| 12:11 | Create | Villager (Male) |
| 12:12 | Create | Villager (Male) |
| 12:12 | Create | Villager (Male) |
| 12:12 | Create | Villager (Male) |
| 12:12 | Create | Villager (Male) |
| 12:13 | Create | Villager (Male) |
| 12:47 | Build | Farm |
| 13:00 | Research | Double-Bit Axe |
| 13:27 | Research | Horse Collar |
| 13:43 | Create | Villager (Male) |
| 14:19 | Build | Farm |
| 14:20 | Build | Farm |
| 14:22 | Build | Farm |
| 15:11 | Build | Market |
| 15:20 | Create | Villager (Male) |
| 15:21 | Create | Villager (Male) |
| 15:21 | Create | Villager (Male) |
| 15:21 | Create | Villager (Male) |
| 15:22 | Create | Villager (Male) |
| 15:57 | Build | Barracks |
| 16:17 | Build | Farm |
| 17:09 | Build | Blacksmith |
| 17:16 | Create | Spearman |
| 17:16 | Create | Spearman |
| 17:17 | Create | Spearman |
| 17:27 | Build | Farm |
| 17:31 | Build | Farm |
| 17:35 | Build | Farm |
| 17:39 | Build | Farm |
| 18:08 | Create | Villager (Male) |
| 18:09 | Create | Villager (Male) |
| 18:10 | Create | Villager (Male) |
| 18:24 | Build | Mining Camp |
| 18:43 | Create | Spearman |
| 19:26 | Build | Farm |
| 19:29 | Build | Farm |
| 19:36 | Build | Farm |
| 20:13 | Research | Castle Age |
| 21:12 | Create | Villager (Male) |
| 21:12 | Create | Villager (Male) |
| 21:12 | Create | Villager (Male) |
| 21:20 | Build | House |
| 21:22 | Build | House |
| 21:24 | Build | House |
| 21:27 | Build | House |
| 21:31 | Build | House |
| 21:33 | Build | House |
| 21:34 | Build | House |
| 21:37 | Build | House |
| 21:45 | Create | Villager (Male) |
| 21:45 | Create | Villager (Male) |
| 21:46 | Create | Villager (Male) |
| 22:46 | Create | Villager (Male) |
| 22:46 | Create | Villager (Male) |
| 22:53 | Age | Castle Age |
| 22:56 | Research | Bow Saw |
| 23:01 | Research | Heavy Plow |
| 23:07 | Research | Gold Mining |
| 23:33 | Build | Town Center |
| 24:03 | Build | Farm |
| 24:13 | Research | Stone Mining |
| 24:21 | Build | Farm |
| 24:34 | Create | Trade Cart |
| 25:39 | Build | Stone Wall |
| 25:48 | Build | Gate |
| 26:06 | Create | Villager (Male) |
| 26:06 | Create | Villager (Male) |
| 26:07 | Create | Villager (Male) |
| 26:11 | Research | Wheelbarrow |
| 26:19 | Build | Farm |
| 26:25 | Build | Farm |
| 26:28 | Build | Farm |
| 26:31 | Build | Farm |
| 26:37 | Build | Farm |
| 27:03 | Build | Farm |
| 27:15 | Create | Villager (Male) |
| 27:15 | Create | Villager (Male) |
| 27:16 | Create | Villager (Male) |
| 27:16 | Create | Villager (Male) |
| 27:16 | Create | Villager (Male) |
| 27:16 | Create | Villager (Male) |
| 27:17 | Create | Villager (Male) |
| 27:47 | Build | Castle |
| 28:23 | Build | Stone Wall |
| 28:40 | Build | House |
| 28:42 | Build | House |
| 28:43 | Build | House |
| 28:46 | Build | House |
| 28:54 | Build | Monastery |
| 28:59 | Build | Farm |
| 29:05 | Research | Hand Cart |
| 29:08 | Create | Villager (Male) |
| 29:08 | Create | Villager (Male) |
| 29:09 | Create | Villager (Male) |
| 29:09 | Create | Villager (Male) |
| 29:09 | Create | Villager (Male) |
| 29:09 | Create | Villager (Male) |
| 29:18 | Create | Villager (Male) |
| 29:18 | Create | Villager (Male) |
| 29:44 | Build | University |
| 29:52 | Build | House |
Build order — BottleDry
First 150 of 209 actions detected
| 0:01 | Create | Villager (Male) |
| 0:01 | Create | Villager (Male) |
| 0:01 | Create | Villager (Male) |
| 0:02 | Create | Villager (Male) |
| 0:02 | Create | Villager (Male) |
| 0:04 | Build | House |
| 0:05 | Build | House |
| 1:41 | Create | Villager (Male) |
| 1:42 | Create | Villager (Male) |
| 2:03 | Build | Lumber Camp |
| 2:18 | Create | Villager (Male) |
| 2:38 | Create | Villager (Male) |
| 2:54 | Build | House |
| 2:59 | Create | Villager (Male) |
| 3:17 | Create | Villager (Male) |
| 3:30 | Create | Villager (Male) |
| 3:50 | Create | Villager (Male) |
| 4:29 | Build | Mill |
| 4:41 | Create | Villager (Male) |
| 4:42 | Create | Villager (Male) |
| 4:55 | Create | Villager (Male) |
| 4:55 | Create | Villager (Male) |
| 5:22 | Create | Villager (Male) |
| 5:40 | Create | Villager (Male) |
| 6:11 | Create | Villager (Male) |
| 6:12 | Research | Loom |
| 6:15 | Build | House |
| 6:42 | Create | Villager (Male) |
| 7:01 | Build | Lumber Camp |
| 7:16 | Create | Villager (Male) |
| 7:41 | Create | Villager (Male) |
| 7:44 | Research | Feudal Age |
| 8:20 | Build | Barracks |
| 8:42 | Build | House |
| 9:24 | Build | House |
| 9:35 | Build | House |
| 9:54 | Age | Feudal Age |
| 10:00 | Build | Stone Wall |
| 10:01 | Create | Villager (Male) |
| 10:07 | Build | Stable |
| 10:13 | Create | Villager (Male) |
| 10:16 | Research | Double-Bit Axe |
| 10:20 | Research | Horse Collar |
| 10:33 | Create | Villager (Male) |
| 10:39 | Build | Stone Wall |
| 10:52 | Build | Gate |
| 10:54 | Create | Scout Cavalry |
| 10:54 | Create | Scout Cavalry |
| 11:03 | Build | Stone Wall |
| 11:06 | Create | Villager (Male) |
| 11:20 | Build | Blacksmith |
| 11:39 | Create | Villager (Male) |
| 11:56 | Create | Villager (Male) |
| 12:09 | Build | Market |
| 12:30 | Build | Mining Camp |
| 12:44 | Build | Stone Wall |
| 12:50 | Build | Stone Wall |
| 13:10 | Create | Villager (Male) |
| 13:31 | Build | Farm |
| 13:32 | Build | Farm |
| 13:34 | Build | Farm |
| 13:41 | Build | Farm |
| 13:43 | Build | Farm |
| 13:44 | Build | Farm |
| 13:45 | Create | Villager (Male) |
| 14:05 | Create | Villager (Male) |
| 14:12 | Build | Farm |
| 14:13 | Build | Farm |
| 14:18 | Research | Scale Barding Armor |
| 14:21 | Create | Villager (Male) |
| 14:34 | Create | Villager (Male) |
| 14:40 | Build | Farm |
| 14:42 | Build | Farm |
| 14:50 | Create | Villager (Male) |
| 15:04 | Research | Gold Mining |
| 15:08 | Build | Farm |
| 15:41 | Create | Villager (Male) |
| 15:46 | Build | Farm |
| 16:01 | Create | Villager (Male) |
| 16:05 | Build | Farm |
| 16:15 | Create | Villager (Male) |
| 16:22 | Build | Farm |
| 16:34 | Build | Farm |
| 16:37 | Build | Farm |
| 16:45 | Build | Farm |
| 16:53 | Build | Farm |
| 17:08 | Build | Farm |
| 17:25 | Create | Villager (Male) |
| 17:39 | Create | Villager (Male) |
| 17:43 | Build | Farm |
| 18:11 | Build | Farm |
| 18:23 | Build | Farm |
| 18:29 | Research | Castle Age |
| 18:34 | Create | Villager (Male) |
| 18:47 | Build | Farm |
| 19:00 | Build | Stable |
| 19:26 | Create | Villager (Male) |
| 20:39 | Create | Villager (Male) |
| 20:46 | Build | Mining Camp |
| 20:59 | Build | Farm |
| 21:09 | Research | Bloodlines |
| 21:09 | Age | Castle Age |
| 21:09 | Create | Scout Cavalry |
| 21:15 | Build | House |
| 21:23 | Research | Wheelbarrow |
| 21:40 | Build | Town Center |
| 21:48 | Create | Villager (Male) |
| 21:52 | Create | Knight |
| 21:52 | Create | Knight |
| 22:00 | Create | Villager (Male) |
| 22:15 | Create | Villager (Male) |
| 22:24 | Research | Husbandry |
| 22:28 | Create | Villager (Male) |
| 22:35 | Create | Villager (Male) |
| 22:38 | Create | Villager (Male) |
| 22:38 | Create | Villager (Male) |
| 22:42 | Create | Villager (Male) |
| 22:42 | Create | Villager (Male) |
| 22:43 | Create | Villager (Male) |
| 22:55 | Create | Villager (Male) |
| 23:21 | Create | Knight |
| 23:30 | Create | Villager (Male) |
| 23:43 | Research | Bow Saw |
| 23:55 | Create | Villager (Male) |
| 23:58 | Build | House |
| 24:04 | Research | Town Watch |
| 24:05 | Create | Villager (Male) |
| 24:06 | Create | Villager (Male) |
| 24:10 | Build | House |
| 24:25 | Create | Knight |
| 24:25 | Create | Knight |
| 24:28 | Create | Villager (Male) |
| 24:32 | Research | Stone Mining |
| 24:34 | Create | Villager (Male) |
| 24:54 | Build | House |
| 24:55 | Build | House |
| 25:08 | Create | Villager (Male) |
| 25:16 | Create | Villager (Male) |
| 25:18 | Create | Villager (Male) |
| 25:20 | Create | Villager (Male) |
| 25:35 | Create | Villager (Male) |
| 25:44 | Build | Mining Camp |
| 25:47 | Create | Villager (Male) |
| 25:56 | Create | Villager (Male) |
| 25:59 | Create | Villager (Male) |
| 26:02 | Create | Villager (Male) |
| 26:17 | Create | Knight |
| 26:17 | Create | Knight |
| 26:25 | Research | Light Cavalry (upgrade) |
| 26:27 | Create | Villager (Male) |
Build order — SonniRagz
First 150 of 337 actions detected
| 0:01 | Create | Villager (Male) |
| 0:01 | Create | Villager (Male) |
| 0:02 | Create | Villager (Male) |
| 0:02 | Create | Villager (Male) |
| 0:21 | Build | House |
| 0:23 | Build | House |
| 1:05 | Build | House |
| 1:50 | Create | Villager (Male) |
| 2:28 | Create | Villager (Male) |
| 2:28 | Create | Villager (Male) |
| 2:37 | Build | Lumber Camp |
| 2:40 | Create | Villager (Male) |
| 3:14 | Create | Villager (Male) |
| 3:14 | Create | Villager (Male) |
| 3:46 | Create | Villager (Male) |
| 4:30 | Create | Villager (Male) |
| 4:30 | Create | Villager (Male) |
| 4:56 | Create | Villager (Male) |
| 4:56 | Create | Villager (Male) |
| 4:57 | Create | Villager (Male) |
| 5:07 | Build | Mill |
| 5:23 | Build | Mill |
| 5:30 | Create | Villager (Male) |
| 5:31 | Create | Villager (Male) |
| 5:41 | Build | House |
| 5:42 | Build | House |
| 5:59 | Create | Villager (Male) |
| 6:00 | Create | Villager (Male) |
| 6:00 | Create | Villager (Male) |
| 7:05 | Create | Villager (Male) |
| 7:05 | Create | Villager (Male) |
| 7:43 | Create | Villager (Male) |
| 7:44 | Create | Villager (Male) |
| 7:44 | Create | Villager (Male) |
| 8:09 | Build | House |
| 8:40 | Create | Villager (Male) |
| 8:40 | Create | Villager (Male) |
| 8:40 | Create | Villager (Male) |
| 8:41 | Create | Villager (Male) |
| 9:07 | Build | Mining Camp |
| 10:16 | Create | Villager (Male) |
| 10:17 | Create | Villager (Male) |
| 10:17 | Create | Villager (Male) |
| 10:33 | Build | Farm |
| 10:37 | Build | Farm |
| 10:40 | Build | Farm |
| 10:43 | Build | Farm |
| 10:49 | Build | Farm |
| 11:25 | Build | Farm |
| 11:28 | Create | Villager (Male) |
| 11:29 | Create | Villager (Male) |
| 11:38 | Build | Farm |
| 12:05 | Build | Farm |
| 12:15 | Create | Villager (Male) |
| 12:15 | Create | Villager (Male) |
| 12:16 | Create | Villager (Male) |
| 12:32 | Build | Farm |
| 12:53 | Build | Farm |
| 13:25 | Build | Farm |
| 13:39 | Research | Feudal Age |
| 13:46 | Build | House |
| 13:49 | Build | House |
| 13:51 | Build | House |
| 13:56 | Build | House |
| 14:00 | Build | House |
| 14:01 | Build | House |
| 14:02 | Build | House |
| 14:46 | Build | Farm |
| 15:22 | Build | Donjon |
| 15:50 | Age | Feudal Age |
| 15:53 | Build | Market |
| 15:58 | Build | Blacksmith |
| 16:03 | Create | Villager (Male) |
| 16:04 | Create | Villager (Male) |
| 16:04 | Create | Villager (Male) |
| 16:04 | Create | Villager (Male) |
| 16:04 | Create | Villager (Male) |
| 16:08 | Research | Horse Collar |
| 16:11 | Research | Double-Bit Axe |
| 16:34 | Build | Farm |
| 16:57 | Build | Stable |
| 17:00 | Build | Stable |
| 17:09 | Build | Farm |
| 17:39 | Build | Lumber Camp |
| 18:51 | Research | Castle Age |
| 19:07 | Build | Stable |
| 20:44 | Create | Serjeant |
| 20:44 | Create | Serjeant |
| 20:44 | Create | Serjeant |
| 20:44 | Create | Serjeant |
| 20:45 | Create | Serjeant |
| 20:45 | Create | Serjeant |
| 20:46 | Create | Serjeant |
| 20:46 | Create | Serjeant |
| 20:46 | Create | Serjeant |
| 20:47 | Create | Serjeant |
| 21:13 | Create | Trade Cart |
| 21:13 | Create | Trade Cart |
| 21:14 | Create | Trade Cart |
| 21:29 | Create | Villager (Male) |
| 21:29 | Create | Villager (Male) |
| 21:30 | Create | Villager (Male) |
| 21:31 | Age | Castle Age |
| 21:41 | Build | Town Center |
| 21:43 | Build | Town Center |
| 21:58 | Create | Knight ×5 |
| 21:58 | Create | Knight ×5 |
| 21:58 | Create | Knight ×4 |
| 21:59 | Create | Knight ×4 |
| 21:59 | Create | Knight ×4 |
| 22:40 | Build | Farm |
| 22:45 | Build | Farm |
| 22:48 | Build | Farm |
| 22:57 | Create | Villager (Male) |
| 22:57 | Create | Villager (Male) |
| 22:57 | Create | Villager (Male) |
| 22:58 | Create | Villager (Male) |
| 23:10 | Create | Villager (Male) |
| 23:10 | Create | Villager (Male) |
| 23:23 | Create | Villager (Male) |
| 23:24 | Create | Villager (Male) |
| 23:24 | Create | Villager (Male) |
| 23:28 | Build | Farm |
| 23:39 | Build | Farm |
| 23:43 | Build | Farm |
| 23:46 | Create | Villager (Male) |
| 23:46 | Create | Villager (Male) |
| 23:52 | Build | Farm |
| 23:57 | Build | Farm |
| 24:07 | Build | Mining Camp |
| 24:13 | Create | Villager (Male) |
| 24:14 | Create | Villager (Male) |
| 24:14 | Create | Villager (Male) |
| 24:24 | Build | Farm |
| 24:30 | Create | Villager (Male) |
| 24:31 | Create | Villager (Male) |
| 24:31 | Create | Villager (Male) |
| 24:47 | Build | Farm |
| 24:50 | Create | Villager (Male) |
| 24:51 | Create | Villager (Male) |
| 24:51 | Create | Villager (Male) |
| 24:58 | Build | House |
| 25:00 | Build | House |
| 25:00 | Build | House |
| 25:02 | Build | House |
| 25:03 | Build | House |
| 25:06 | Build | House |
| 25:08 | Build | House |
| 25:09 | Build | House |
| 25:13 | Build | House |
Match timeline
| 6:25 | GRaFa · wall_segment Palisade Wall x4 |
| 6:31 | GRaFa · wall_segment Palisade Wall x12 |
| 8:20 | BottleDry · first_building Barracks |
| 8:28 | PsYLeS · first_building Barracks |
| 9:30 | GRaFa · first_building Barracks |
| 9:54 | BottleDry · age_up feudal |
| 10:00 | BottleDry · wall_segment Stone Wall x5 |
| 10:01 | PsYLeS · age_up feudal |
| 10:05 | mat13bg · age_up feudal |
| 10:05 | gruckiq · first_building Barracks |
| 10:07 | BottleDry · first_building Stable |
| 10:32 | PsYLeS · first_building Archery Range |
| 10:39 | BottleDry · wall_segment Stone Wall x1 |
| 11:03 | BottleDry · wall_segment Stone Wall x4 |
| 11:33 | gruckiq · age_up feudal |
| 11:54 | gruckiq · wall_segment Stone Wall x11 |
| 12:14 | gruckiq · first_building Stable |
| 12:14 | aktaa_darwish · age_up feudal |
| 12:41 | GRaFa · age_up feudal |
| 12:44 | BottleDry · wall_segment Stone Wall x5 |
| 12:50 | BottleDry · wall_segment Stone Wall x6 |
| 13:11 | gruckiq · wall_segment Stone Wall x6 |
| 15:02 | GRaFa · wall_segment Stone Wall x5 |
| 15:13 | svetoslavivanov1 · age_up feudal |
| 15:22 | svetoslavivanov1 · wall_segment Stone Wall x11 |
| 15:22 | SonniRagz · first_building Donjon |
| 15:27 | aktaa_darwish · wall_segment Stone Wall x17 |
| 15:37 | aktaa_darwish · wall_segment Stone Wall x4 |
| 15:43 | gruckiq · wall_segment Stone Wall x7 |
| 15:50 | SonniRagz · age_up feudal |
| 15:56 | svetoslavivanov1 · wall_segment Stone Wall x15 |
| 15:57 | mat13bg · first_building Barracks |
| 16:31 | svetoslavivanov1 · wall_segment Stone Wall x11 |
| 16:47 | svetoslavivanov1 · wall_segment Stone Wall x10 |
| 16:57 | SonniRagz · first_building Stable |
| 17:29 | GRaFa · first_market_buy 100 food |
| 17:37 | aktaa_darwish · first_building Barracks |
| 17:38 | gruckiq · age_up castle |
| 17:40 | svetoslavivanov1 · first_building Barracks |
| 17:43 | aktaa_darwish · age_up castle |
| 17:49 | PsYLeS · age_up castle |
| 17:59 | BottleDry · first_market_buy 100 food |
| 18:04 | PsYLeS · wall_segment Stone Wall x14 |
| 18:07 | PsYLeS · wall_segment Stone Wall x7 |
| 18:12 | gruckiq · first_building Monastery |
| 18:18 | aktaa_darwish · first_building Stable |
| 20:22 | GRaFa · age_up castle |
| 20:31 | PsYLeS · wall_segment Stone Wall x28 |
| 21:09 | BottleDry · age_up castle |
| 21:27 | GRaFa · first_building Castle |
| 21:31 | SonniRagz · age_up castle |
| 21:36 | BottleDry · first_market_sell 100 food |
| 22:53 | mat13bg · age_up castle |
| 23:07 | PsYLeS · wall_segment Stone Wall x6 |
| 25:10 | aktaa_darwish · first_building Castle |
| 25:39 | mat13bg · wall_segment Stone Wall x4 |
| 25:47 | gruckiq · first_building Castle |
| 25:53 | GRaFa · wall_segment Stone Wall x7 |
| 25:56 | GRaFa · wall_segment Stone Wall x1 |
| 26:51 | BottleDry · wall_segment Stone Wall x4 |
| 27:40 | GRaFa · wall_segment Stone Wall x3 |
| 27:47 | mat13bg · first_building Castle |
| 27:52 | GRaFa · wall_segment Stone Wall x2 |
| 28:23 | mat13bg · wall_segment Stone Wall x10 |
| 28:23 | SonniRagz · first_building Monastery |
| 28:47 | BottleDry · first_building Castle |
| 28:54 | mat13bg · first_building Monastery |
| 29:34 | GRaFa · first_building Archery Range |
| 29:36 | PsYLeS · first_building Castle |
| 30:04 | mat13bg · first_building Stable |
| 31:03 | SonniRagz · first_building Castle |
| 31:10 | mat13bg · first_building Siege Workshop |
| 31:40 | aktaa_darwish · age_up imperial |
| 32:11 | svetoslavivanov1 · age_up castle |
| 32:27 | gruckiq · wall_segment Stone Wall x11 |
| 32:29 | gruckiq · wall_segment Stone Wall x10 |
| 33:33 | mat13bg · age_up imperial |
| 34:13 | GRaFa · age_up imperial |
| 34:29 | svetoslavivanov1 · resign |
| 34:31 | GRaFa · first_market_sell 100 food |
| 35:02 | gruckiq · wall_segment Stone Wall x7 |
| 35:05 | gruckiq · wall_segment Stone Wall x5 |
| 35:09 | gruckiq · wall_segment Stone Wall x5 |
| 36:23 | BottleDry · first_building Siege Workshop |
| 36:38 | BottleDry · first_building Archery Range |
| 37:02 | gruckiq · first_building Siege Workshop |
| 37:16 | gruckiq · age_up imperial |
| 37:55 | SonniRagz · age_up imperial |
| 41:16 | gruckiq · first_market_buy 100 stone |
| 41:21 | SonniRagz · first_market_sell 100 stone |
| 41:22 | PsYLeS · age_up imperial |
| 41:28 | SonniRagz · first_market_buy 100 food |
[ AI ANALYSIS · 1 CREDIT ]
What really happened in this match?
Wolo.gg analyzes every decision: build order, eco, micro, common mistakes by bracket. Personalized analysis on WhatsApp or Discord in 30 seconds.
Civ guide
Poles
Map guide
Lombardia
Perfil
svetoslavivanov1